 Dungeon Crawl Stone Soup version 0.30-a0-219-gf2db51d15e (webtiles) character file.

Game seed: 17092079162943669322

8027 Morbidden the Grappler (level 11, -1/100 HPs)
             Began as a Troll Conjurer on Oct 7, 2022.
             Was a Priest of Cheibriados.
             Slain by a centaur warrior (6 damage)
             ... on level 8 of the Dungeon.
             The game lasted 00:22:17 (10386 turns).

Morbidden the Grappler (Troll Conjurer)            Turns: 10386, Time: 00:22:18

Health: -1/100     AC:  9    Str: 23    XL:     11   Next: 4%
Magic:  15/15      EV: 11    Int: 24    God:    Cheibriados [***...]
Gold:   1111       SH:  0    Dex: 14    Spells: 10/17 levels left

rFire   + . .      SeeInvis .      - Unarmed
rCold   + . .      Faith    .    (no shield)
rNeg    . . .      Spirit   .    u - +0 acid dragon scales
rPois   +          Reflect  .    (helmet restricted)
rElec   +          Harm     .    (no cloak)
rCorr   +          Rampage  .    (gloves unavailable)
Will    .....                    (boots unavailable)
Stlth   ++........               l - amulet of regeneration
HPRegen 1.96/turn                (no ring)
MPRegen 0.14/turn                (no ring)

@: resistant, hasted, slow
A: large, unfitting armour, claws 3, regeneration 1, shaggy fur 1, tough skin 1
a: Renounce Religion, Bend Time, Temporal Distortion


You were on level 8 of the Dungeon.
You worshipped Cheibriados.
Cheibriados was most pleased with you.
You visited 2 branches of the dungeon, and saw 9 of its levels.
You also visited: Bailey.

You collected 1111 gold pieces.

Inventory:

Missiles
 k - 4 throwing nets
 o - 4 javelins
Armour
 d - a +2 robe of resistance
 u - +0 acid dragon scales (worn)
Jewellery
 l - an amulet of regeneration (around neck)
Wands
 i - a wand of flame (5)
 p - a wand of mindburst (4)
 x - a wand of iceblast (3)
 z - a wand of light (2)
 A - a wand of paralysis (3)
Scrolls
 c - a scroll of butterflies
 e - 2 scrolls of enchant weapon
 f - 2 scrolls of poison
 s - a scroll of amnesia
 t - a scroll of noise
 v - 2 scrolls of teleportation
 y - a scroll of brand weapon
 B - a scroll of identify
Potions
 b - a potion of magic
 g - 2 potions of attraction
 h - 2 potions of brilliance
 m - a potion of heal wounds {unknown}
 n - a potion of mutation {unknown}
 q - a potion of might {unknown}
 r - a potion of flight


   Skills:
 * Level 4.1 Fighting
 * Level 4.6 Armour
 * Level 5.4 Dodging
 + Level 2.2 Stealth
 * Level 8.7 Unarmed Combat
 * Level 3.6 Spellcasting
 * Level 5.7 Conjurations
 * Level 2.7 Translocations
 * Level 2.2 Invocations
 + Level 2.0 Evocations


You had 10 spell levels left.
You knew the following spells:

 Your Spells              Type           Power      Damage    Failure   Level
a - Magic Dart            Conj           100%       1d8       1%          1
b - Searing Ray           Conj           64%        2d6       1%          2
c - Iskenderun's Mystic   Conj/Tloc      24%        2d7       22%         4

Your spell library contained the following spells:

 Spells                   Type           Power      Damage    Failure   Level
 Apportation              Tloc           34%        N/A       4%          1
 Beastly Appendage        Tmut           8%         N/A       12%         1
 Necrotise                Necr           16%        1d4       12%         1
 Summon Small Mammal      Summ           16%        N/A       12%         1
 Dazzling Flash           Conj/Hex       36%        N/A       12%         3
 Wereblood                Tmut           4%         N/A       19%         2
 Iskenderun's Battlesphe  Conj           32%        2d8       32%         5
 Spider Form              Tmut/Pois      4%         N/A       36%         3
 Fulminant Prism          Conj/Hex       9%         3d7       36%         4
 Fireball                 Conj/Fire      9%         3d6       71%         5
 Summon Forest            Summ/Tloc      5%         N/A       89%         5
 Alistair's Intoxication  Tmut/Pois      2%         N/A       98%         5
 Iron Shot                Conj/Erth      9%         9d3       99%         6
 Eringya's Noxious Bog    Tmut/Pois      2%         N/A       100%        6
 Spellforged Servitor     Conj/Summ      9%         N/A       100%        7
 Summon Hydra             Summ           2%         N/A       100%        7


Dungeon Overview and Level Annotations

Branches:
Dungeon (8/15)             Temple (1/1) D:7          Bailey (visited)
   Lair: D:8-11

Altars:
Cheibriados
Dithmenos
Makhleb
Nemelex Xobeh
Qazlal

Shops:
D:3 (   D:5 [:   D:8 *


Innate Abilities, Weirdness & Mutations

You are too large for most types of armour.
You have claws for hands.
Your natural rate of healing is unusually fast.
You are covered in fur. (AC +1)
You have tough skin. (AC +1)


Message History

The troll barely misses you.
Unknown command.
Okay, then.
You don't have any such object.
Evoke which item? (* to show all) (? for menu, Esc to quit)
Okay, then.
Unknown command.
Aiming: Bolt of Light
Press: ? - help, Shift-Dir - straight line, f - troll
Aim: a troll (heavily wounded, 71% to hit)
The bolt of light hits the troll!
The troll is almost dead.
The troll is blinded.
The troll changes into a komodo dragon!
Unknown command.
Unknown command.
Unknown command.
You claw the komodo dragon!
You kill the komodo dragon!
Cheibriados thoroughly appreciates the change of pace.
A centaur warrior comes into view.
The centaur warrior hits you.
* * * LOW HITPOINT WARNING * * *
The centaur warrior closely misses you.
Unknown command.
Unknown command.
It was a potion of resistance.
You feel protected. The centaur warrior hits you!
* * * LOW HITPOINT WARNING * * *
The centaur warrior kicks you but does no damage.
Unknown command.
Unknown command.
Unknown command.
It was a potion of haste.
You feel yourself speed up.
Cheibriados forgives your accidental hurry, just this once.
The centaur warrior hits you!
* * * LOW HITPOINT WARNING * * *
The centaur warrior kicks you but does no damage.
The centaur warrior hits you.
You die...

**#..#,,,,,*#.,#...#
#.#.##.##
#....*,,****#.,#...#
#,#....)#
#...#*,,**##*..##..#
*,####.#.
....#,,*,,...#),#..#
*,* #.##
##..#,,,,,,,l.cT#..#
*,* #.##
...##,,,#####,oF##.#
*,* *#.##
.^.#,####...####)#.#
*,***.#.#
...###.........##c.#
*,,,,#*#.
#...............@..#
*****,#.#
###...#..########).#
*,,,.(##
###)..#.##...# #..#
*,*###*#
##..[.)8......###..#
#<# #
....8[....8........#
#.# #
..............###.##
#.# #
#............#.##.#
#.# #
##8....∩....8##...##
#.# #
#...........#.#...#
#.# #


You could see a centaur warrior.

Vanquished Creatures
  2 two-headed ogres (D:8)
  Pikel (D:4)
  Maggie (D:6)
  A komodo dragon (shapeshifter) (D:8)
  2 hornets (D:8)
  Prince Ribbit (D:7)
  Menkaure (D:5)
  Grum (D:8)
  Edmund (D:4)
  A water moccasin (D:5)
  Duvessa (D:4)
  2 black bears
  An ice beast (D:5)
  An orc warrior (D:8)
  A sky beast (D:6)
  An ogre (D:6)
  8 wolves
  2 centaurs (D:8)
  4 lemures
  2 phantoms
  A kobold brigand (D:6)
  Blork the orc (D:5)
  4 bullfrogs
  A necrophage (D:5)
  8 gnoll sergeants (Bailey)
  4 scorpions
  13 wights
  Dowan (D:4)
  3 killer bees (D:7)
  2 howler monkeys
  2 jellies
  8 hounds
  An orc priest (D:7)
  8 gnoll boudas (Bailey)
  4 iguanas
  2 orc wizards
  Robin (D:2)
  18 gnolls (Bailey)
  6 adders
  3 shadow imps
  5 white imps
  A worm (D:2)
  3 dart slugs
  15 orcs
  4 bats
  5 endoplasms
  3 giant cockroaches (D:1)
  7 hobgoblins
  6 jackals
  7 kobolds
  2 quokkas (D:4)
  3 ball pythons
  4 frilled lizards (D:3)
  18 goblins
  2 rats
211 creatures vanquished.

Vanquished Creatures (others)
  A steam dragon (D:8)
1 creature vanquished.

Grand Total: 212 creatures vanquished

Notes
Turn   | Place    | Note
-------+----------+-------------------------------------------
     0 | D:1      | Morbidden the Troll Conjurer began the quest for the Orb.
     0 | D:1      | Reached XP level 1. HP: 16/16 MP: 1/1
   160 | D:1      | Reached XP level 2. HP: 26/26 MP: 2/2
   217 | D:1      | Found a faded altar of an unknown god.
   651 | D:2      | Found a stormy altar of Qazlal.
   674 | D:2      | Reached skill level 1 in Unarmed Combat
   674 | D:2      | Reached XP level 3. HP: 26/32 MP: 3/3
   696 | D:2      | Got Oskisyschu's Secrets of Foul Calefaction
   928 | D:2      | Noticed Robin
   952 | D:2      | Killed Robin
  1044 | D:2      | Reached XP level 4. HP: 40/40 MP: 4/4
  1047 | D:2      | Learned a level 2 spell: Searing Ray
  2150 | D:3      | Found a sparkling altar of Nemelex Xobeh.
  2196 | D:3      | Reached skill level 2 in Unarmed Combat
  2338 | D:3      | Found Ellerifi's Weapon Boutique.
  2738 | D:4      | Noticed a lemure
  2761 | D:3      | Killed a lemure
  3119 | D:4      | Noticed a lemure
  3119 | D:4      | Noticed a lemure
  3137 | D:4      | Killed a lemure
  3145 | D:4      | Killed a lemure
  3433 | D:4      | Noticed a lemure
  3434 | D:4      | Noticed Pikel
  3465 | D:4      | Killed a lemure
  3518 | D:4      | Reached skill level 1 in Fighting
  3611 | D:4      | Killed Pikel
  3612 | D:4      | Reached skill level 1 in Armour
  3612 | D:4      | Reached skill level 3 in Unarmed Combat
  3612 | D:4      | Reached XP level 5. HP: 20/49 MP: 2/7
  3612 | D:4      | Reached XP level 6. HP: 24/57 MP: 2/8
  3612 | D:4      | Reached XP level 7. HP: 26/63 MP: 2/9
  3891 | D:4      | Noticed Edmund
  3899 | D:4      | Reached skill level 4 in Unarmed Combat
  3909 | D:4      | Killed Edmund
  4062 | D:4      | Noticed Dowan
  4632 | D:4      | Noticed Duvessa
  4643 | D:4      | Killed Duvessa
  4663 | D:4      | Killed Dowan
  4787 | D:5      | Entered Level 5 of the Dungeon
  4822 | D:5      | Reached XP level 8. HP: 72/72 MP: 10/10
  4822 | D:5      | You fall into a shaft and drop 1 floor!
  4896 | D:6      | Reached skill level 5 in Unarmed Combat
  4966 | D:6      | Noticed Blork the orc
  5138 | D:5      | Found Idov Jutz's Book Boutique.
  5220 | D:5      | Found Vosaw's Armour Shop.
  5269 | D:5      | Noticed Menkaure
  5275 | D:5      | Killed Menkaure
  5706 | D:5      | Reached skill level 1 in Evocations
  5712 | D:5      | Learned a level 4 spell: Iskenderun's Mystic Blast
  5799 | D:5      | Reached skill level 6 in Unarmed Combat
  6066 | D:5      | Killed Blork the orc
  6067 | D:5      | Reached XP level 9. HP: 79/81 MP: 11/11
  6320 | D:6      | Noticed Maggie
  6336 | D:6      | Killed Maggie
  6384 | D:6      | Reached skill level 7 in Unarmed Combat
  6548 | D:6      | Reached skill level 1 in Translocations
  7378 | D:7      | Noticed Prince Ribbit
  7410 | D:7      | Killed Prince Ribbit
  7882 | D:7      | Found a staircase to the Ecumenical Temple.
  8057 | Temple   | Entered the Ecumenical Temple
  8094 | Temple   | Became a worshipper of Cheibriados the Contemplative
  8144 | D:8      | Noticed a two-headed ogre
  8154 | D:8      | Killed a two-headed ogre
  8155 | D:8      | Reached skill level 8 in Unarmed Combat
  8155 | D:8      | Reached XP level 10. HP: 61/92 MP: 13/13
  8166 | D:8      | Found Ukhlonun's General Store.
  8188 | D:8      | Reached skill level 5 in Dodging
  8207 | D:8      | Reached skill level 1 in Invocations
  8229 | D:8      | Found a flagged portal.
  8268 | Bailey   | Entered a bailey
  8434 | Bailey   | Reached skill level 5 in Conjurations
  8435 | Bailey   | Reached * piety under Cheibriados
  9180 | Bailey   | Reached ** piety under Cheibriados
  9978 | D:8      | Noticed Grum
  9990 | D:8      | Killed Grum
 10357 | D:8      | Noticed a two-headed ogre
 10363 | D:8      | Killed a two-headed ogre
 10369 | D:8      | Reached XP level 11. HP: 59/100 MP: 15/15
 10375 | D:8      | Reached *** piety under Cheibriados
 10384 | D:8      | Noticed a centaur warrior
 10386 | D:8      | HP: 5/100 [centaur warrior (7)]
 10386 | D:8      | Slain by a centaur warrior

Illustrated notes

Levels and vault maps discovered:
D:1:      amcnicky_arrival_double_pillar, layout_basic,
          ebering_ecumenical_altar_ruins
D:2:      layout_loops_ring, basic_altar, nrook_mini_backslash,
          chequers_serial_rivers_large_a, grunt_ministairs_4, minmay_hedge_maze,
          minmay_tetromino_o4, uniq_robin
D:3:      layout_loops_corners, mainiacjoe_overflow_cross_hatched, serial_shops,
          nicolae_shop_bloodbath_and_beyond
D:4:      minmay_angry_zag, layout_loops_corners, serial_co_window_serial,
          co_window_paths_a, co_window_corner_a, co_window_corner_a,
          co_window_paths_a, co_window_paths_a, co_window_of_opportunity_b,
          co_window_2corner, co_window_unsneaky_path_a,
          co_window_unsneaky_path_e, co_window_4corner_a, co_window_paths_e,
          glass_columns_a, glass_columns_a, glass_columns_a, glass_columns_a,
          glass_columns_b, corexii_item_surrounded_by_moat, uniq_pikel,
          uniq_duvessa, uniq_edmund
D:5:      layout_basic, serial_shops, nicolae_shop_waterfront, shop,
          uniq_menkaure
D:6:      layout_rooms, corexii_checkpoint_a, uniq_blork_the_orc, uniq_maggie
D:7:      layout_rooms, minmay_temple_entry_waves, serial_rivers,
          chequers_serial_rivers_room_b, chequers_serial_rivers_small_a,
          chequers_serial_rivers_small_3, chequers_serial_rivers_micro_b,
          chequers_serial_rivers_micro_b, minivault_5, uniq_prince_ribbit1
D:8:      layout_loops_ring, serial_shops, shop_statue, enter_bailey_6,
          minmay_pinched_square, uniq_grum
Temple:   nicolae_temple_slightly_damp_pantheon

Skill      XL: |  1  2  3  4  5  6  7  8  9 10 |
---------------+-------------------------------+-----
Conjurations   | 3 4 5 |  5.7
Dodging        | 2 3 4 5 |  5.4
Unarmed Combat | 1 3 4 6 8 |  8.7
Fighting       | 1 2 3 4 |  4.1
Armour         | 1 2 3 4 |  4.6
Spellcasting   | 2 3 |  3.6
Evocations     | 1 2 |  2.0
Stealth        | 2 |  2.2
Translocations | 1 2 |  2.7
Invocations    | 2 |  2.2

Action                   |  1- 3 |  4- 6 |  7- 9 | 10-12 || total
-------------------------+-------+-------+-------+-------++-------
Melee: Unarmed           |   127 |    64 |   286 |   130 ||   607
       Punch             |     2 |     1 |     7 |     9 ||    19
 Cast: Magic Dart        |       |    38 |    51 |    45 ||   134
       Searing Ray       |       |     5 |    16 |    38 ||    59
Evoke: Wand              |       |       |    22 |    33 ||    55
  Use: Scroll            |       |     6 |     7 |     1 ||    14
       Potion            |       |     4 |     2 |     2 ||     8
 Stab: Sleeping          |     3 |       |     1 |       ||     4
       Invisible         |       |     2 |     1 |       ||     3
       Paralysed         |       |       |     7 |       ||     7
Armor: Robe              |    56 |    17 |    61 |       ||   134
       Acid dragon scale |       |       |    49 |    76 ||   125
Dodge: Dodged            |    53 |    19 |   174 |   126 ||   372

Table legend: (Time is in decaauts)
 A = Elapsed time spent in this place.
 B = Non-inter-level travel time spent in this place.
 C = Inter-level travel time spent in this place.
 D = Time resting spent in this place.
 E = Time spent auto-exploring this place.
 F = Levels seen in this place.
 G = Mean time per level.
                   A        B        C        D        E       F      G
               +--------+--------+--------+--------+--------+-----+--------+
         Total |  10561 |  10201 |    360 |   1289 |   6160 |  10 | 1056.1 |
       Dungeon |   8694 |   8350 |    344 |   1058 |   5820 |   8 | 1086.8 |
        Temple |     57 |     41 |     16 |      0 |     21 |   1 |   57.0 |
        Bailey |   1809 |   1809 |      0 |    231 |    319 |   1 | 1809.0 |
               +--------+--------+--------+--------+--------+-----+--------+

Top non-repeatable levels by time:
     D:4: 1931 daAuts
  Bailey: 1809 daAuts
     D:5: 1276 daAuts
     D:3: 1273 daAuts
     D:7: 1192 daAuts
     D:2: 1026 daAuts
     D:6: 806 daAuts
     D:8: 629 daAuts
     D:1: 557 daAuts
  Temple: 57 daAuts
